 Dungeon Sprint DCSS version 0.16-a0-4004-g8d6611c (webtiles) character file.

5900000 PolkaDot the Axe Maniac (level 27, -2/249 HPs)
             Began as a Formicid Earth Elementalist on Feb 15, 2015.
             Was the Champion of Makhleb.
             Slain by The Servant
             ... wielding a +9 glaive of flaming
              (15 damage)
             ... in the Dungeon (Sprint VIII: "Arena of Blood").
             The game lasted 00:04:09 (59 turns).

PolkaDot the Axe Maniac (Formicid Earth Elementalist) Turns: 59, Time: 00:04:09

Health: -2/249     AC:  4    Str: 15    XL:     27
Magic:  31/50      EV: 27    Int: 25    God:    Makhleb [******]
Gold:   0          SH:  0    Dex: 12    Spells: 1 memorised, 79 levels left

rFire  . . .     SeeInvis +     g - +∞ Axe of Woe
rCold  . . .     Clarity  .     c - +0 robe
rNeg   . . .     SustAb   .     (no shield)
rPois  .         Gourm    .     (helmet unavailable)
rElec  .         Spirit   .     (no cloak)
rCorr  .         Warding  .     (no gloves)
rMut   .         Stasis   +     (no boots)
MR     ++...                    (no amulet)
Stlth  +++++++++.               (no ring)
                                (no ring)

@: very resistant to hostile enchantments, incredibly stealthy
A: permanent stasis, dig shafts and tunnels, four strong arms, antennae 3
a: Dig, Minor Destruction, Lesser Servant of Makhleb, Major Destruction, Greater
Servant of Makhleb, Renounce Religion


You were in the Dungeon.
You worshipped Makhleb.
Makhleb was exalted by your worship.
You were not hungry.

You visited 1 branch

Inventory:

Hand weapons
 g - the +∞ Axe of Woe (weapon)
   (You found it in the Dungeon)
Missiles
 b - 20 stones (quivered)
Armour
 c - a +0 robe (worn)
Potions
 e - a potion of curing
 f - a potion of heal wounds
 h - 2 potions of magic
Books
 d - a book of Geomancy

   Spells                             Type                      Level
   a - Sandblast                      Earth                        1
   b - Stoneskin                      Transmutation/Earth          2
   c - Passwall                       Transmutation/Earth          3
   d - Stone Arrow                    Conjuration/Earth            3
   e - Petrify                        Transmutation/Earth          4
   f - Lee's Rapid Deconstruction     Earth                        5
Comestibles
 a - a bread ration


   Skills:
 O Level 27 Fighting
 O Level 27 Axes
 O Level 27 Throwing
 O Level 27 Armour
 O Level 27 Dodging
 O Level 27 Stealth
 O Level 27 Unarmed Combat
 O Level 27 Spellcasting
   Level 1.1 Transmutations
 O Level 27 Earth Magic
 O Level 27 Invocations


You had 79 spell levels left.
You knew the following spells:

 Your Spells              Type           Power        Failure   Level  Hunger
a - Sandblast             Erth           ######       0%          1    None


Dungeon Overview and Level Annotations

Branches:
Dungeon (1/1)

Altars:
Makhleb

Annotations:
D The Servant


Innate Abilities, Weirdness & Mutations

You are under a permanent stasis effect.
You can dig through walls and to a lower floor.
Your four strong arms can wield two-handed weapons with a shield.
You have a pair of large antennae on your head (SInv).


Message History

You hear a shout! x3
The small abomination is engulfed in roaring flames.
The small abomination moves out of view.
You hear a shout! x5
The eight-headed meat hydra calls on the powers of darkness!
The eight-headed meat hydra convulses!
The Servant convulses!
The bag of meat convulses! x3
Your body is wracked with pain!
* * * LOW HITPOINT WARNING * * *
The meat berserker convulses!
The bag of meat convulses!
The meat berserker convulses!
The bag of meat convulses!
The meat berserker convulses!
The bag of meat is engulfed in roaring flames.
The meat berserker rages.
The bag of meat is engulfed in roaring flames.
The Servant is engulfed in roaring flames.
The Servant hits you from afar with a +9 glaive of flaming!!
* * * LOW HITPOINT WARNING * * *
The Servant burns you!
You die...

......%%.. ...
%......O.... ..
.....V..........#. #.
...#....%........ #..
o...#..%........##. ###..
....###%..x.§§.....
.....###%..D.§.)@o§§.###.o
......_........§)oo§......
#.....#.....x@#.#......
#_.<._#))O)V§x).%.....
..#.....#.)).)o#%#.#....
......_...)).O%o.........
.....###.........#.#.#..
###.......###O........
#.......# ....{.M...
#.......#.D..%D....
..................


You could see an accursed, The Servant, 2 eight-headed meat hydras, 2
destroyers, 4 meat berserkers, a small abomination and 5 bags of meat.

Vanquished Creatures
  4 hill giants (D)
  18 ogres (D)
  50 orcs (D)
  4 skeletal warriors (D)
  4 vampire knights (D)
  4 large abominations (D)
  4 small abominations (D)
  A crawling corpse (D)
89 creatures vanquished.

Vanquished Creatures (others)
  3 crawling corpses (D)
3 creatures vanquished.

Grand Total: 92 creatures vanquished

Notes
Turn   | Place    | Note
--------------------------------------------------------------
     0 | D        | PolkaDot, the Formicid Earth Elementalist, began the quest for the Orb.
     0 | D        | Reached XP level 1. HP: 13/13 MP: 3/3
     3 | D        | Noticed a bag of meat
     4 | D        | Became a worshipper of Makhleb the Destroyer
     5 | D        | Noticed a meat berserker
     6 | D        | Noticed a bag of meat
     7 | D        | Noticed a bag of meat
     7 | D        | Noticed a bag of meat
     8 | D        | Killed a meat berserker
     8 | D        | Reached skill level 24 in Axes
     8 | D        | Reached XP level 2. HP: 19/19 MP: 5/5
     8 | D        | Reached XP level 3. HP: 24/24 MP: 7/7
     8 | D        | Reached XP level 4. HP: 30/30 MP: 8/8
     8 | D        | Reached XP level 5. HP: 35/35 MP: 11/11
     8 | D        | Reached XP level 6. HP: 41/41 MP: 12/12
     8 | D        | Reached XP level 7. HP: 46/46 MP: 14/14
     8 | D        | Reached XP level 8. HP: 52/52 MP: 16/16
     8 | D        | Reached XP level 9. HP: 57/57 MP: 18/18
     8 | D        | Reached XP level 10. HP: 63/63 MP: 18/18
     8 | D        | Reached XP level 11. HP: 68/68 MP: 20/20
     9 | D        | Noticed a meat berserker
     9 | D        | Killed a bag of meat
     9 | D        | Acquired Makhleb's first power
     9 | D        | Reached skill level 27 in Axes
     9 | D        | Reached skill level 1 in Fighting
     9 | D        | Reached XP level 12. HP: 51/76 MP: 20/25
     9 | D        | Reached XP level 13. HP: 54/81 MP: 20/26
     9 | D        | Killed a bag of meat
     9 | D        | Reached skill level 15 in Earth Magic
    10 | D        | Noticed a bag of meat
    10 | D        | Noticed a bag of meat
    11 | D        | Noticed a bag of meat
    11 | D        | Killed a meat berserker
    11 | D        | Acquired Makhleb's second power
    11 | D        | Reached skill level 10 in Spellcasting
    11 | D        | Reached XP level 14. HP: 90/93 MP: 20/33
    11 | D        | Killed a bag of meat
    11 | D        | Reached skill level 10 in Stealth
    11 | D        | Reached XP level 15. HP: 94/101 MP: 20/35
    11 | D        | Killed a bag of meat
    11 | D        | Acquired Makhleb's third power
    11 | D        | Reached skill level 5 in Fighting
    11 | D        | Reached skill level 10 in Dodging
    12 | D        | Noticed a meat berserker
    12 | D        | Noticed a bag of meat
    12 | D        | Noticed a large bag of meat
    12 | D        | Noticed a bag of meat
    12 | D        | Noticed a bag of meat
    13 | D        | Noticed a bag of meat
    13 | D        | Noticed a meat berserker
    13 | D        | Noticed a meat berserker
    13 | D        | Noticed a bag of meat
    13 | D        | Noticed a bag of meat
    13 | D        | Noticed a bag of meat
    14 | D        | Noticed a bag of meat
    14 | D        | Noticed a bag of meat
    14 | D        | Noticed a bag of meat
    14 | D        | Noticed a meat berserker
    14 | D        | Noticed a bag of meat
    14 | D        | Noticed a bag of meat
    15 | D        | Killed a bag of meat
    16 | D        | Noticed a bag of meat
    16 | D        | Noticed a bag of meat
    16 | D        | Noticed a bag of meat
    16 | D        | Noticed a bag of meat
    16 | D        | Killed a meat berserker
    16 | D        | Reached skill level 15 in Spellcasting
    16 | D        | Reached XP level 16. HP: 111/115 MP: 21/38
    16 | D        | Killed a bag of meat
    16 | D        | Acquired Makhleb's fourth power
    16 | D        | Reached skill level 15 in Stealth
    16 | D        | Reached skill level 27 in Earth Magic
    16 | D        | Killed a meat berserker
    17 | D        | Noticed a meat berserker
    18 | D        | Noticed a bag of meat
    18 | D        | Noticed a bag of meat
    18 | D        | Noticed a bag of meat
    18 | D        | Killed a bag of meat
    18 | D        | Acquired Makhleb's fifth power
    18 | D        | Reached skill level 15 in Dodging
    18 | D        | Reached XP level 17. HP: 127/131 MP: 21/41
    19 | D        | Noticed a bag of meat
    19 | D        | Killed a meat berserker
    19 | D        | Killed a meat berserker
    19 | D        | Killed a bag of meat
    19 | D        | Reached XP level 18. HP: 142/146 MP: 22/43
    19 | D        | Killed a bag of meat
    20 | D        | Killed a bag of meat
    20 | D        | Reached skill level 15 in Fighting
    20 | D        | Killed a bag of meat
    21 | D        | Killed a bag of meat
    21 | D        | Reached XP level 19. HP: 158/161 MP: 22/45
    21 | D        | Killed a meat berserker
    21 | D        | Killed a bag of meat
    21 | D        | Reached skill level 27 in Spellcasting
    22 | D        | Killed a bag of meat
    22 | D        | Killed a bag of meat
    23 | D        | Killed a bag of meat
    23 | D        | Reached skill level 27 in Stealth
    23 | D        | Reached XP level 20. HP: 178/182 MP: 22/47
    23 | D        | Killed a bag of meat
    23 | D        | Killed a bag of meat
    23 | D        | Reached skill level 27 in Dodging
    24 | D        | Noticed a bag of meat
    24 | D        | Killed a large bag of meat
    24 | D        | Reached skill level 27 in Fighting
    24 | D        | Killed a bag of meat
    24 | D        | Reached skill level 5 in Throwing
    24 | D        | Killed a bag of meat
    24 | D        | Reached skill level 10 in Invocations
    24 | D        | Reached XP level 21. HP: 204/204 MP: 23/47
    24 | D        | Killed a bag of meat
    24 | D        | Reached skill level 10 in Unarmed Combat
    25 | D        | Killed a bag of meat
    25 | D        | Reached skill level 10 in Throwing
    25 | D        | Killed a bag of meat
    25 | D        | Reached skill level 15 in Invocations
    25 | D        | Killed a bag of meat
    25 | D        | Reached skill level 15 in Unarmed Combat
    26 | D        | Noticed a bag of meat
    26 | D        | Noticed a meat berserker
    26 | D        | Noticed a meat berserker
    26 | D        | Noticed a meat berserker
    26 | D        | Killed a bag of meat
    26 | D        | Killed a bag of meat
    26 | D        | Reached XP level 22. HP: 212/212 MP: 23/48
    27 | D        | Killed a bag of meat
    27 | D        | Reached skill level 15 in Throwing
    28 | D        | Noticed a meat berserker
    29 | D        | Noticed a destroyer
    29 | D        | Noticed a bag of meat
    29 | D        | Noticed a large bag of meat
    30 | D        | Noticed an eight-headed meat hydra
    30 | D        | Killed a meat berserker
    31 | D        | Noticed a bag of meat
    31 | D        | Noticed a bag of meat
    31 | D        | Noticed a bag of meat
    31 | D        | Killed a meat berserker
    32 | D        | Noticed The Servant
    33 | D        | Noticed a large bag of meat
    33 | D        | Killed a meat berserker
    33 | D        | Killed a destroyer
    34 | D        | Noticed a meat berserker
    34 | D        | Killed a meat berserker
    34 | D        | Killed a bag of meat
    35 | D        | Noticed a meat berserker
    35 | D        | Killed a bag of meat
    35 | D        | Reached XP level 23. HP: 219/219 MP: 25/48
    36 | D        | Noticed a destroyer
    36 | D        | Killed a bag of meat
    37 | D        | Noticed a bag of meat
    37 | D        | Noticed a bag of meat
    38 | D        | Noticed a sculptor of flesh
    38 | D        | Noticed a sculptor of flesh
    38 | D        | Noticed a bag of meat
    38 | D        | Killed a bag of meat
    38 | D        | Killed a bag of meat
    38 | D        | Killed a destroyer
    38 | D        | Reached skill level 27 in Invocations
    38 | D        | Killed a sculptor of flesh
    39 | D        | Noticed a bag of meat
    39 | D        | Killed a meat berserker
    39 | D        | Reached skill level 27 in Armour
    40 | D        | Noticed a meat berserker
    40 | D        | Killed a bag of meat
    40 | D        | Killed a meat berserker
    40 | D        | Reached skill level 27 in Unarmed Combat
    40 | D        | Reached XP level 24. HP: 227/227 MP: 27/49
    41 | D        | Noticed a bag of meat
    41 | D        | Noticed a meat berserker
    41 | D        | Killed a large bag of meat
    42 | D        | Noticed a bag of meat
    42 | D        | Noticed a bag of meat
    42 | D        | Noticed a bag of meat
    43 | D        | Noticed a bag of meat
    43 | D        | Noticed a destroyer
    43 | D        | Noticed a bag of meat
    43 | D        | Noticed a bag of meat
    43 | D        | Noticed a sculptor of flesh
    43 | D        | Noticed a large bag of meat
    43 | D        | Killed a large bag of meat
    44 | D        | Noticed a bag of meat
    44 | D        | Noticed a meat berserker
    44 | D        | Noticed a bag of meat
    44 | D        | Noticed a destroyer
    45 | D        | Noticed a bag of meat
    45 | D        | Killed a bag of meat
    45 | D        | Reached skill level 27 in Throwing
    45 | D        | Killed a meat berserker
    46 | D        | Noticed a meat berserker
    46 | D        | Killed a meat berserker
    47 | D        | Noticed a bag of meat
    48 | D        | Killed a destroyer
    48 | D        | Killed a bag of meat
    48 | D        | Reached XP level 25. HP: 216/234 MP: 28/49
    49 | D        | Noticed a destroyer
    49 | D        | Noticed a sculptor of flesh
    49 | D        | Killed a bag of meat
    49 | D        | Killed a destroyer
    49 | D        | Killed a sculptor of flesh
    50 | D        | Noticed a bag of meat
    50 | D        | Noticed a bag of meat
    50 | D        | Noticed a bag of meat
    50 | D        | Noticed a bag of meat
    50 | D        | Killed a bag of meat
    50 | D        | Killed a bag of meat
    50 | D        | Killed a meat berserker
    50 | D        | Killed a bag of meat
    51 | D        | Killed a bag of meat
    51 | D        | Reached XP level 26. HP: 242/242 MP: 29/50
    51 | D        | Killed a bag of meat
    51 | D        | Killed a bag of meat
    52 | D        | Noticed a bag of meat
    52 | D        | Noticed a meat berserker
    52 | D        | Killed a meat berserker
    52 | D        | Killed a bag of meat
    52 | D        | Killed a large bag of meat
    53 | D        | Noticed a bag of meat
    53 | D        | Noticed an eight-headed meat hydra
    53 | D        | Killed a bag of meat
    53 | D        | Killed a sculptor of flesh
    53 | D        | Killed a bag of meat
    54 | D        | Killed a bag of meat
    55 | D        | Killed a bag of meat
    55 | D        | Reached XP level 27. HP: 226/249 MP: 30/50
    56 | D        | Noticed a bag of meat
    56 | D        | Noticed a bag of meat
    56 | D        | Noticed a meat berserker
    57 | D        | Noticed a meat berserker
    57 | D        | Killed a meat berserker
    57 | D        | Killed a bag of meat
    57 | D        | Killed a bag of meat
    58 | D        | Noticed a meat berserker
    58 | D        | Noticed a meat berserker
    58 | D        | Killed a bag of meat
    59 | D        | Noticed an accursed
    59 | D        | Killed a sculptor of flesh
    59 | D        | Slain by The Servant

Action                   |  1- 3 |  4- 6 |  7- 9 | 10-12 | 13-15 | 16-18 | 19-21 | 22-24 | 25-27 || total
-------------------------+-------+-------+-------+-------+-------+-------+-------+-------+-------++-------
Melee: Executioner's axe |     1 |       |       |     1 |     3 |     4 |     5 |    17 |    10 ||    41
